 Dungeon Crawl Stone Soup version 0.30-a0-845-g7c6808c8ce (webtiles) character file.

Game seed: 2416430411504992275

142326 jasper the Eclecticist (level 16, -9/98 HPs)
             Began as a Deep Elf Earth Elementalist on Mar 2, 2023.
             Was a High Priest of Vehumet.
             Killed from afar by a shock serpent (12 damage)
             ... with an electric aura
             ... on level 2 of the Lair of Beasts.
             The game lasted 00:39:29 (25170 turns).

jasper the Eclecticist (DEEE)                      Turns: 25170, Time: 00:39:30

Health: -9/98      AC:  8    Str:  5    XL:     16   Next: 80%
Magic:  47/60      EV: 20    Int: 29    God:    Vehumet [*****.]
Gold:   229        SH:  0    Dex: 15    Spells: 32/55 levels left

rFire   + . .      SeeInvis +    (no weapon)
rCold   . . .      Faith    .    I - orb {mayhem}
rNeg    . . .      Spirit   .    d - +0 robe of the Slorg {rF+ Regen+ rCorr Archmagi}
rPois   +          Reflect  .    W - +2 helmet {SInv}
rElec   .          Rampage  .    J - +0 cloak
rCorr   +          Archmagi +    q - +0 pair of gloves of Misanthropy {MP+9}
Will    +....                    t - +0 pair of boots
Stlth   ++                       n - amulet of magic regeneration
HPRegen 1.16/turn                j - ring of magical power
MPRegen 0.77/turn                Y - ring of poison resistance

@: no status effects
A: no striking features
a: Renounce Religion


You were on level 2 of the Lair of Beasts.
You worshipped Vehumet.
Vehumet was extremely pleased with you.
You visited 4 branches of the dungeon, and saw 23 of its levels.
You also visited: Bailey.

You collected 2346 gold pieces.
You spent 2117 gold pieces at shops.

Inventory:

Hand Weapons
 k - a +1 rapier of flaming
Missiles
 o - 54 poisoned darts
 H - 3 throwing nets
Armour
 d - the +0 robe of the Slorg (worn) {rF+ Regen+ rCorr Archmagi}
   (You bought it in a shop on level 14 of the Dungeon)

   rF:        It protects you from fire.
   Regen:     It increases your rate of health regeneration.
   rCorr:     It protects you from acid and corrosion.
   Archmagi:  It increases the power of your magical spells.
 g - the +3 leather armour "Vinwoih" {Drain rPois rC++ rCorr}
   (You found it on level 2 of the Dungeon)

   rC:        It greatly protects you from cold.
   rPois:     It protects you from poison.
   rCorr:     It protects you from acid and corrosion.
   Drain:     It drains your maximum health when unequipped.
 p - the +1 robe of Ennui {Drain rPois Str+6 Dex+4}
   (You found it on level 4 of the Dungeon)

   Str:       It affects your strength (+6).
   Dex:       It affects your dexterity (+4).
   rPois:     It protects you from poison.
   Drain:     It drains your maximum health when unequipped.
 q - the +0 pair of gloves of Misanthropy (worn) {MP+9}
   (You bought it in a shop on level 2 of the Orcish Mines)

   MP:        It affects your magic capacity (+9).
 t - a +0 pair of boots (worn)
 A - a +0 buckler
 I - an orb of mayhem (worn)
 J - a +0 cloak (worn)
 W - a +2 helmet of see invisible (worn)
Jewellery
 a - a ring of fire
 f - an amulet of the acrobat
 j - a ring of magical power (left hand)
 n - an amulet of magic regeneration (around neck)
 s - a ring of see invisible
 F - a +5 ring of evasion
 P - a ring of resist corrosion
 U - a +5 ring of evasion
 Y - a ring of poison resistance (right hand)
Wands
 l - a wand of iceblast (14)
 u - a wand of polymorph (27)
 w - a wand of flame (29)
 x - a wand of digging (10)
 D - a wand of paralysis (11)
 L - a wand of mindburst (11)
 O - a wand of acid (8)
Scrolls
 c - 7 scrolls of fog
 e - 14 scrolls of teleportation
 r - 8 scrolls of enchant weapon
 y - 7 scrolls of vulnerability
 K - a scroll of blinking
 Q - 7 scrolls of fear
 R - 4 scrolls of amnesia
 S - 8 scrolls of magic mapping
 X - 2 scrolls of brand weapon
 Z - 4 scrolls of identify
Potions
 b - a potion of magic
 h - 2 potions of might
 i - 3 potions of attraction
 m - 3 potions of lignification
 v - 4 potions of cancellation
 z - 2 potions of heal wounds
 B - a potion of brilliance
 C - 2 potions of flight
 E - 5 potions of resistance
 G - 5 potions of mutation
 M - a potion of ambrosia
 T - 5 potions of curing
 V - 6 potions of haste


   Skills:
 - Level 10.5 Fighting
 - Level 15.0 Dodging
 - Level 2.4 Stealth
 - Level 4.0 Shields
 - Level 20.0 Spellcasting
 - Level 5.0 Conjurations
 - Level 4.2 Hexes
 - Level 4.1 Transmutations
 + Level 17.0 Earth Magic


You had 32 spell levels left.
You knew the following spells:

 Your Spells              Type           Power      Damage    Failure   Level
a - Iskenderun's Mystic   Conj/Tloc      60%        2d13      1%          4
b - Passwall              Tmut/Erth      78%        N/A       1%          2
c - Stone Arrow           Conj/Erth      100%       3d13      1%          3
d - Petrify               Tmut/Erth      94%        N/A       1%          4
e - Yara's Violent Unrav  Hex/Tmut       34%        3d14      1%          5
f - Lee's Rapid Deconstr  Erth           56%        3d26*     1%          5

Your spell library contained the following spells:

 Spells                   Type           Power      Damage    Failure   Level
 Iskenderun's Battlesphe  Conj           72%        2d12      1%          5
 Sandblast                Erth           100%       2d20      0%          1
 Beastly Appendage        Tmut           100%       N/A       1%          1
 Freeze                   Ice            100%       1d10      1%          1
 Ensorcelled Hibernation  Hex/Ice        100%       N/A       1%          2
 Wereblood                Tmut           68%        N/A       1%          2
 Frozen Ramparts          Ice            86%        1d13      1%          3
 Hailstorm                Conj/Ice       60%        3d13      1%          3
 Inner Flame              Hex/Fire       58%        N/A       1%          3
 Spider Form              Tmut/Pois      57%        N/A       1%          3
 Flame Wave               Conj/Fire      60%        2d14      1%          4
 Sticky Flame             Conj/Fire      60%        2d8       1%          4
 Airstrike                Air            21%        2d(4-20)  3%          4
 Lightning Bolt           Conj/Air       30%        1d47      3%          5
 Gell's Gravitas          Tloc           43%        N/A       4%          3
 Teleport Other           Tloc           43%        N/A       4%          3
 Anguish                  Hex/Necr       29%        N/A       5%          4
 Summon Lightning Spire   Summ/Air       43%        N/A       13%         4
 Dispersal                Tloc           21%        N/A       90%         6


Dungeon Overview and Level Annotations

Branches:
Dungeon (15/15)            Temple (0/1) D:7            Lair (5/5) D:9
 Shoals (0/4) Lair:2        Snake (1/4) Lair:2        Slime (0/5) Lair:5
    Orc (2/2) D:12            Elf (0/3) Orc:2        Vaults (0/5) D:14
 Depths (0/4) D:15         Bailey (visited)

Altars:
Cheibriados
Fedhas
Gozag
Makhleb
Okawaru
Uskayaw
Vehumet
Wu Jian
Xom
Zin
The Shining One
Jiyva

Shops:
D:5 (   D:13 (   D:14 *[*?   Orc:2 =[*(

Portals:
Bazaar: Orc:2
Trove: D:12 (show abyssal rune of Zot)

Annotations:
D:2 exclusion: ogre
D:14 2 transporters


Message History

Press: ? - help, Q - select action, (/) - cycle Shift-Dir - straight line, f - shock serpent
Aim: a shock serpent (heavily wounded, 63% to hit)
You feel a surge of power!
The stone arrow misses the shock serpent.
You feel sick.
You are no longer poisoned.
The shock serpent misses you.
You now have 51/60 mp.
Aiming: Stone Arrow (safe; 1% risk of failure)
Press: ? - help, Q - select action, (/) - cycle Shift-Dir - straight line, f/p - shock serpent
Aim: a shock serpent (heavily wounded, 63% to hit)
You feel a surge of power!
The stone arrow misses the shock serpent.
The shock serpent misses you. x2
You now have 48/60 mp.
Aiming: Stone Arrow (safe; 1% risk of failure)
Press: ? - help, Q - select action, (/) - cycle Shift-Dir - straight line, f/p - shock serpent
Aim: a shock serpent (heavily wounded, 63% to hit)
You feel a surge of power!
The stone arrow hits the shock serpent!
The shock serpent is severely wounded.
The shock serpent's electric aura discharges, shocking you!
* * * LOW HITPOINT WARNING * * *
The shock serpent bites you!
* * * LOW HITPOINT WARNING * * *
The shock serpent shocks you!
* * * LOW HITPOINT WARNING * * *
You take 30 damage, and have 3/98 hp.
MASSIVE DAMAGE!!
You now have 46/60 mp.
Casting: Stone Arrow (safe; 1% risk of failure)
Confirm with . or Enter, or press ? or * to list all spells.
You feel a surge of power!
You erupt in a blast of force!
The mystic blast hits the plant!
The plant begins to die.
The plant is lightly damaged.
The mystic blast hits the shock serpent!
You kill the shock serpent!
Vehumet accepts your kill.
You feel your power returning.
The mystic blast hits the plant!!
The plant begins to die.
The plant is lightly damaged.
The air sparks with electricity, shocking you!
You die...

#.....................## #
............###..##...##
#...........#P...~.~...#
..............~~~~~P#..# #
#............~~~~~~~~.~# #
............~~~[~.~~~~~# #
#..........~~~~~...~~~## #
#.......>..~~..~.P.P~~# #
.##.P##.##.~~.~.@..~~~# #
###########~~.......~~## #
##~~~.....~~~.##########
#..~~~.~.~~~.#.#PP..#.##
##########..~~~~~~~.............
##PP#..#P##...~~~~~~...###....###
#.................~...## ###.## #
##.######.............# #..# ###
##..####.###..# ##.## #


There were no monsters in sight!

Vanquished Creatures
  An orc warlord (Orc:2)
  A dire elephant (Lair:5)
  Nessos (Lair:3)
  A fire dragon (D:15)
  An ice dragon (D:15)
  6 catoblepae
  9 hydras
  An anaconda (Snake:1)
  4 two-headed ogres
  Erica (D:8)
  8 centaur warriors
  2 dancing weapons (D:14)
  A death knight (D:13)
  4 tengu warriors
  A boulder beetle (D:15)
  5 death yaks
  Nergalle (D:12)
  Urug (D:12)
  3 orc high priests
  A skyshark (Lair:5)
  A shock serpent (Lair:2)
  3 skeletal warriors (D:14)
  A lindwurm (Lair:5)
  3 deep elf pyromancers
  12 ugly things
  2 orc sorcerers (Orc:1)
  2 wolf spiders (Lair:5)
  5 manticores
  A moth of wrath (shapeshifter) (D:14)
  5 elephants
  3 cyclopes (D:14)
  Joseph (D:8)
  4 black mambas
  2 gargoyles
  An unseen horror (D:11)
  9 cane toads
  A kobold demonologist (D:9)
  7 komodo dragons
  3 rime drakes
  2 efreet (D:13)
  8 polar bears
  A merfolk (D:12)
  7 trolls
  A hornet (D:8)
  14 blink frogs
  5 dream sheep (Lair:5)
  2 raiju (Lair:5)
  A snapping turtle (Lair:2)
  2 shadows
  4 spriggans (Bailey)
  2 water elementals (D:14)
  3 wyverns
  4 wraiths
  26 yaks
  3 vampires
  10 basilisks
  4 vampire mosquitoes (D:11)
  A steam dragon (Bailey)
  A naga (Lair:2)
  6 wargs
  2 swamp worms (Lair:4)
  17 water moccasins
  Duvessa (D:5)
  10 hell hounds (Lair:5)
  3 acid dragons
  2 sky beasts
  An ice beast (D:7)
  11 black bears
  29 orc warriors
  14 ogres
  23 wolves
  16 centaurs
  2 phantoms
  4 kobold brigands
  5 scorpions
  15 bullfrogs
  3 gnoll sergeants
  Dowan (D:5)
  5 killer bees (D:8)
  2 electric eels (D:14)
  3 howler monkeys
  A quasit (D:5)
  Crazy Yiuf (D:7)
  17 orc priests
  2 hounds (D:6)
  6 jellies
  A gnoll bouda (Orc:2)
  A sleepcap (D:5)
  4 iguanas
  18 orc wizards
  A hell rat (Lair:5)
  12 gnolls
  6 adders
  2 shadow imps
  A white imp (D:6)
  An ufetubus (D:7)
  A worm (D:2)
  2 dart slugs
  82 orcs
  5 ball pythons
  2 bats (D:1)
  6 endoplasms
  3 giant cockroaches
  7 goblins
  7 hobgoblins
  3 jackals (D:4)
  2 quokkas
  A frilled lizard (D:1)
  2 goblin zombies (D:5)
  4 hobgoblin zombies (D:5)
  26 kobolds
  A kobold skeleton (D:5)
  A kobold zombie (D:5)
  An orc skeleton (D:5)
  An orc zombie (D:5)
  6 rats
632 creatures vanquished.

Vanquished Creatures (collateral kills)
  A hydra (Lair:5)
  A manticore (Lair:5)
  A cane toad (Lair:3)
  A rime drake (Lair:5)
  3 polar bears (Lair:5)
  8 yaks (Lair:5)
  A vampire (D:10)
  2 wargs (Lair:5)
  2 hell hounds (Lair:5)
  A swamp worm (Lair:4)
  A water moccasin (Lair:5)
  2 orc warriors (Orc:2)
  3 black bears (Lair:5)
  3 wolves (Lair:5)
  An ogre (Bailey)
  5 orc priests
  5 orc wizards
  6 gnolls
  24 orcs
  A goblin (D:8)
  4 kobolds
76 creatures vanquished.

Vanquished Creatures (others)
  2 polar bears (Lair:5)
  A yak (Lair:3)
  A swamp worm (Lair:4)
  A water moccasin (Lair:5)
  A hell hound (Lair:5)
  An orc warrior (Orc:2)
  2 orc priests
  An orc wizard (Orc:2)
  2 gnolls
  6 orcs
  20 fungi
  42 plants
80 creatures vanquished.

Grand Total: 788 creatures vanquished

Notes
Turn   | Place    | Note
-------+----------+-------------------------------------------
     0 | D:1      | jasper the Deep Elf Earth Elementalist began the quest for
                  | the Orb.
     0 | D:1      | Reached XP level 1. HP: 10/10 MP: 6/6
   377 | D:1      | Reached XP level 2. HP: 15/15 MP: 6/8
   380 | D:1      | Learned a level 2 spell: Passwall
  1187 | D:2      | Reached XP level 3. HP: 19/19 MP: 6/9
  1191 | D:2      | Learned a level 3 spell: Stone Arrow
  1277 | D:2      | Found a shimmering altar of Xom.
  1320 | D:2      | Reached skill level 1 in Conjurations
  1525 | D:2      | Noticed an ogre
  1727 | D:2      | Identified the +3 leather armour "Vinwoih" {Drain rPois
                  | rC++ rCorr}
  2004 | D:3      | Reached XP level 4. HP: 24/24 MP: 7/10
  2396 | D:4      | Identified the +1 robe of Ennui {Drain rPois Str+6 Dex+4}
  2401 | D:4      | Found a blossoming altar of Fedhas.
  2483 | D:4      | Found an iron altar of Okawaru.
  2522 | D:4      | Noticed a black bear
  2531 | D:4      | Killed a black bear
  2532 | D:4      | Reached XP level 5. HP: 22/28 MP: 11/11
  2667 | D:4      | Reached skill level 5 in Conjurations
  2827 | D:4      | Reached skill level 5 in Earth Magic
  2860 | D:3      | Found a snail-covered altar of Cheibriados.
  2997 | D:4      | Reached XP level 6. HP: 32/32 MP: 12/12
  3003 | D:4      | Learned a level 4 spell: Petrify
  3209 | D:5      | Entered Level 5 of the Dungeon
  3253 | D:5      | Found a radiant altar of Vehumet.
  3270 | D:5      | Became a worshipper of Vehumet
  3708 | D:5      | Found Xuack's Antique Weapon Shoppe.
  3760 | D:5      | Found a glowing golden altar of the Shining One.
  3760 | D:5      | Noticed Duvessa
  3760 | D:5      | Noticed Dowan
  3764 | D:5      | Killed Duvessa
  3765 | D:5      | Reached XP level 7. HP: 31/36 MP: 13/13
  3768 | D:5      | Killed Dowan
  4591 | D:6      | Reached XP level 8. HP: 27/41 MP: 3/14
  4800 | D:6      | Reached skill level 10 in Earth Magic
  5036 | D:6      | Reached * piety under Vehumet
  5036 | D:6      | Offered knowledge of Shock by Vehumet.
  5146 | D:6      | Reached skill level 1 in Fighting
  5224 | D:6      | Reached skill level 4 in Spellcasting
  5522 | D:7      | Reached skill level 5 in Spellcasting
  5716 | D:7      | Found a staircase to the Ecumenical Temple.
  5839 | D:7      | Reached XP level 9. HP: 49/49 MP: 19/19
  5935 | D:7      | Reached skill level 5 in Dodging
  6157 | D:7      | Found a runed translucent door.
  6158 | D:7      | Noticed Crazy Yiuf
  6320 | D:7      | Killed Crazy Yiuf
  6453 | D:8      | Noticed Erica
  6463 | D:8      | Killed Erica
  6464 | D:8      | Reached skill level 6 in Spellcasting
  6558 | D:8      | Found a hide-covered altar of Uskayaw.
  6584 | D:8      | Noticed Joseph
  6587 | D:8      | Reached skill level 7 in Spellcasting
  6594 | D:8      | Killed Joseph
  6663 | D:8      | Reached ** piety under Vehumet
  6663 | D:8      | Offered knowledge of Foxfire by Vehumet.
  6749 | D:8      | Reached skill level 8 in Spellcasting
  6815 | D:8      | Reached XP level 10. HP: 53/58 MP: 9/24
  6977 | D:8      | Found a flagged portal.
  6982 | D:8      | Offered knowledge of Hailstorm by Vehumet.
  6993 | Bailey   | Entered a bailey
  7007 | Bailey   | Reached skill level 5 in Fighting
  7068 | Bailey   | Reached skill level 9 in Spellcasting
  7096 | Bailey   | Noticed a two-headed ogre
  7106 | Bailey   | Killed a two-headed ogre
  8027 | D:9      | Found a shimmering altar of Xom.
  8040 | D:9      | Reached *** piety under Vehumet
  8045 | D:9      | Reached skill level 10 in Spellcasting
  8152 | D:9      | Found a glowing silver altar of Zin.
  8198 | D:9      | Noticed an orange demon
  8200 | D:9      | Noticed a sun demon
  8200 | D:9      | Noticed a soul eater
  8449 | D:9      | Offered knowledge of Iskenderun's Mystic Blast by Vehumet.
  8456 | D:9      | Learned a level 4 spell: Iskenderun's Mystic Blast
  8491 | D:9      | Found an opulent altar of Gozag.
  8631 | D:9      | Found a staircase to the Lair.
  8755 | D:10     | Entered Level 10 of the Dungeon
  9072 | D:10     | Found a burning altar of Makhleb.
  9087 | D:10     | Noticed a centaur warrior
  9090 | D:10     | Killed a centaur warrior
  9091 | D:10     | Reached skill level 10 in Dodging
  9091 | D:10     | Reached XP level 11. HP: 55/66 MP: 27/27
  9285 | D:10     | Reached skill level 11 in Spellcasting
  9344 | D:10     | Reached **** piety under Vehumet
  9354 | D:10     | Offered knowledge of Yara's Violent Unravelling by Vehumet.
  9421 | D:10     | Learned a level 5 spell: Yara's Violent Unravelling
  9758 | D:11     | Reached skill level 1 in Hexes
  9793 | D:11     | Noticed a two-headed ogre
  9797 | D:11     | Killed a two-headed ogre
 10425 | D:11     | Reached skill level 1 in Shields
 10934 | D:12     | Noticed Urug
 10944 | D:12     | Killed Urug
 11070 | Lair:1   | Entered Level 1 of the Lair of Beasts
 11260 | Lair:1   | Reached ***** piety under Vehumet
 11376 | Lair:1   | Offered knowledge of Starburst by Vehumet.
 11618 | Lair:1   | Reached XP level 12. HP: 72/72 MP: 24/29
 11621 | Lair:1   | Reached skill level 12 in Spellcasting
 12254 | Lair:2   | Noticed an eight-headed hydra
 12338 | Lair:2   | Noticed a death yak
 12339 | Lair:2   | Noticed a death yak
 12346 | Lair:1   | Killed a death yak
 12367 | Lair:2   | Noticed a death yak
 12374 | Lair:1   | Killed a death yak
 12590 | Lair:1   | Killed a death yak
 12669 | Lair:2   | Noticed a death yak
 12675 | Lair:1   | Killed a death yak
 12692 | Lair:2   | Noticed a death yak
 12697 | Lair:2   | Killed a death yak
 12823 | Lair:2   | Noticed a catoblepas
 12832 | Lair:2   | Killed a catoblepas
 13049 | Lair:2   | You fall into a shaft and drop 1 floor!
 13123 | Lair:3   | Reached skill level 13 in Spellcasting
 13373 | Lair:2   | Identified the +5 dagger of Conscience {venom, rF+ Stlth+}
 13489 | Lair:2   | Killed an eight-headed hydra
 13625 | Lair:2   | Found a staircase to the Snake Pit.
 14112 | Lair:2   | Found a staircase to the Shoals.
 14292 | Lair:3   | Noticed Nessos
 14297 | Lair:3   | Killed Nessos
 14449 | Lair:3   | Reached skill level 14 in Spellcasting
 15323 | Lair:3   | Noticed a four-headed hydra
 15328 | Lair:3   | Killed a four-headed hydra
 15329 | Lair:3   | Reached XP level 13. HP: 80/80 MP: 33/33
 16539 | Lair:4   | Reached skill level 17 in Spellcasting
 16539 | Lair:4   | Reached XP level 14. HP: 86/86 MP: 37/37
 16540 | Lair:4   | Reached skill level 18 in Spellcasting
 16540 | Lair:4   | Reached XP level 15. HP: 91/91 MP: 39/39
 16560 | Lair:5   | Entered Level 5 of the Lair of Beasts
 17199 | Lair:5   | Found a viscous altar of Jiyva.
 17199 | Lair:5   | Found a staircase to the Slime Pits.
 17226 | Lair:5   | Reached skill level 19 in Spellcasting
 17518 | Lair:5   | Reached skill level 10 in Fighting
 18048 | Lair:5   | Offered knowledge of Lee's Rapid Deconstruction by Vehumet.
 18058 | Lair:5   | Learned a level 5 spell: Lee's Rapid Deconstruction
 18142 | Lair:5   | Reached skill level 15 in Dodging
 18351 | Lair:5   | Reached skill level 20 in Spellcasting
 19063 | D:12     | Noticed Nergalle
 19067 | D:12     | Killed Nergalle
 19140 | D:12     | Found a staircase to the Orcish Mines.
 19509 | D:12     | Reached XP level 16. HP: 98/98 MP: 39/42
 19739 | D:12     | Found a portal to a secret trove of treasure.
 19792 | Orc:1    | Entered Level 1 of the Orcish Mines
 19917 | Orc:2    | Entered Level 2 of the Orcish Mines
 20138 | Orc:1    | Offered knowledge of Freezing Cloud by Vehumet.
 21080 | Orc:2    | Found a staircase to the Elven Halls.
 21207 | Orc:2    | Found Tuphiy's General Store.
 21212 | Orc:2    | Bought a potion of heal wounds for 75 gold pieces
 21212 | Orc:2    | Bought a scroll of magic mapping for 112 gold pieces
 21247 | Orc:2    | Found a gateway to a bazaar.
 21301 | Orc:2    | Found Duduoqios's Antique Armour Boutique.
 21303 | Orc:2    | Found Dealoh's Antique Weapon Shop.
 21316 | Orc:2    | Bought a pair of polished gloves for 247 gold pieces
 21316 | Orc:2    | Identified the +0 pair of gloves of Misanthropy {MP+9} (You
                  | bought it in a shop on level 2 of the Orcish Mines)
 21423 | Orc:2    | Found Hocvarat's Jewellery Shop.
 21431 | Orc:2    | Bought a ring of see invisible for 210 gold pieces
 21980 | D:13     | Offered knowledge of Iskenderun's Battlesphere by Vehumet.
 22301 | D:13     | Found Xesuz's Antique Weapon Boutique.
 22678 | D:14     | Found Cividais's General Store.
 22888 | D:14     | Reached skill level 15 in Earth Magic
 23155 | D:14     | Found a transporter.
 23237 | D:14     | Found a transporter.
 23263 | D:14     | Found Ytaochoj's Assorted Antiques.
 23309 | D:14     | Bought a potion of curing for 108 gold pieces
 23426 | D:14     | Found Kixzom's Armour Boutique.
 23437 | D:14     | Bought the +0 robe of the Slorg {rF+ Regen+ rCorr Archmagi}
                  | for 583 gold pieces
 23557 | D:14     | Found a gate to the Vaults.
 23568 | D:14     | Bought a potion of haste for 180 gold pieces
 23568 | D:14     | Bought a potion of curing for 54 gold pieces
 23568 | D:14     | Bought a potion of haste for 180 gold pieces
 23718 | D:14     | Found Petoasal's Magic Scroll Emporium.
 23725 | D:14     | Bought a scroll of teleportation for 48 gold pieces
 23725 | D:14     | Bought a scroll of fear for 64 gold pieces
 23725 | D:14     | Bought 3 scrolls of fog for 192 gold pieces
 23725 | D:14     | Bought a scroll of fog for 64 gold pieces
 24170 | D:15     | Entered Level 15 of the Dungeon
 24464 | D:15     | Found a staircase to the Depths.
 24778 | D:15     | Found an ornate altar of the Wu Jian Council.
 25159 | Snake:1  | Entered Level 1 of the Snake Pit
 25169 | Lair:2   | HP: 3/98 [shock serpent (13)]
 25170 | Lair:2   | Killed from afar by a shock serpent

Illustrated notes

Levels and vault maps discovered:
D:1:      onia_arrival_handbag, layout_basic, minivault_5
D:2:      layout_loops_corners, basic_altar, uniq_jessica, uniq_terence
D:3:      layout_basic, nicolae_overflow_hidden_temple,
          hangedman_decor_peaks_small
D:4:      cheibrodos_thug_alley, layout_cave_pools,
          nicolae_overflow_crystal_walls, fedhas_ov_isle_minmay,
          minmay_misc_feat_tiny
D:5:      layout_layer_cave, nicolae_tso_besieged_by_evil,
          vehumet_altar_wand_db, serial_shops, nicolae_square_shop, uniq_duvessa
D:6:      hangedman_cross_stitches, layout_gridville
D:7:      layout_loops_ring, minmay_temple_entry_poolview,
          uniq_crazy_yiuf_cottage
D:8:      minmay_recursive_quarters, layout_basic,
          nicolae_uskayaw_murder_on_the_dancefloor,
          nicolae_ossuary_entry_monument, enter_bailey_3, hex_intersection,
          minmay_liquid_box, feat_on_display, uniq_erica, uniq_joseph
D:9:      layout_rooms, mainiacjoe_overflow_brackets, general_overflow_altar,
          mainiacjoe_overflow_boulevard
D:10:     layout_roguey [special_room_orc], mainiacjoe_overflow_tiny_flanked
D:11:     layout_stronghold
D:12:     layout_irregular_city, orc_0_dummy, nicolae_trove_entry_diagonal,
          hangedman_fish_farm, uniq_urug, uniq_nergalle
D:13:     layout_rooms, serial_shops, nicolae_shop_advertising_works
          [nicolae_subvault_shop_adworks]
D:14:     gammafunk_worm_tunnel, layout_cave_pods, erik_vaults_1, serial_shops,
          nicolae_shop_behind_doors, shop, nicolae_shop_behind_doors,
          nicolae_stop_n_shop_2, chequers_big_river,
          hangedman_abyss_or_decor_lesser_grid
D:15:     grunt_enter_depths_hoard, layout_long_grid, nzn_wu_jian_council_hall
Lair:1:   layout_cellular_growth, beast_lair_carwin_11
Lair:2:   layout_small_grid, minmay_shoals_entry_hut,
          guppyfry_snake_entry_island
Lair:3:   layout_layer_cave, serial_bayou_shore_a, grunt_megastairs_5,
          lemuel_fruit_tree, uniq_nessos
Lair:4:   layout_loops_ring, minivault_19, lookout_lair_type, worms_lemuel,
          grunt_megastairs_1
Lair:5:   hangedman_lair_caniforms_friends, layout_cave_shapes,
          hangedman_lair_in_review, slime_entry_1, lemuel_old_faithful
Snake:1:  layout_onion, grunt_megastairs_3
Orc:1:    layout_caves
Orc:2:    grunt_orc_community_town_hall, layout_caves,
          grunt_orc_community_big_house_2, grunt_orc_community_big_house_1,
          grunt_orc_community_house_3, grunt_orc_community_house_2,
          grunt_orc_community_house_2, grunt_orc_community_house_3,
          serial_shops, statue_bzr

Skill      XL: |  1  2  3  4  5  6  7  8  9 10 11 12 13 14 15 16 |
---------------+-------------------------------------------------+-----
Earth Magic    | 4 5 7 9 10 11 17 | 17.0
Conjurations   | 2 4 5 |  5.0
Transmutations | 2 4 |  4.1
Dodging        | 4 7 10 11 13 15 | 15.0
Fighting       | 2 4 6 7 9 10 | 10.5
Spellcasting   | 5 8 10 11 14 17 18 20 | 20.0
Hexes          | 4 |  4.2
Shields        | 4 |  4.0
Stealth        | |  2.4

Action                     |  1- 3 |  4- 6 |  7- 9 | 10-12 | 13-15 | 16-18 || total
---------------------------+-------+-------+-------+-------+-------+-------++-------
  Melee: Rapier            |       |       |    10 |    22 |     4 |       ||    36
  Throw: Dart              |       |     1 |       |       |       |       ||     1
   Cast: Sandblast         |    45 |    72 |     5 |       |       |       ||   122
         Stone Arrow       |       |     5 |   126 |   367 |   263 |   235 ||   996
         Iskenderun's Myst |       |       |       |    20 |    15 |    31 ||    66
         Petrify           |       |       |       |     1 |       |    19 ||    20
         Yara's Violent Un |       |       |       |     1 |    13 |     7 ||    21
         Lee's Rapid Decon |       |       |       |       |    34 |   105 ||   139
  Evoke: Wand              |       |     1 |       |     2 |     1 |     2 ||     6
    Use: Scroll            |     4 |     4 |     1 |    16 |     2 |     1 ||    28
         Potion            |       |       |     2 |     5 |     2 |     3 ||    12
 Armour: Robe              |     2 |       |       |       |       |     9 ||    11
         Leather armour    |     1 |     8 |    22 |    59 |    41 |    11 ||   142
  Dodge: Dodged            |     7 |     7 |    37 |   227 |   202 |    89 ||   569
  Block: Buckler           |       |       |       |    27 |       |       ||    27

Table legend: (Time is in decaauts)
 A = Elapsed time spent in this place.
 B = Non-inter-level travel time spent in this place.
 C = Inter-level travel time spent in this place.
 D = Time resting spent in this place.
 E = Time spent auto-exploring this place.
 F = Levels seen in this place.
 G = Mean time per level.
                   A        B        C        D        E       F      G
               +--------+--------+--------+--------+--------+-----+--------+
         Total |  25332 |  23655 |   1677 |   2010 |  18227 |  24 | 1055.5 |
       Dungeon |  15206 |  14153 |   1053 |   1056 |  11239 |  15 | 1013.7 |
          Lair |   7830 |   7311 |    519 |    623 |   5664 |   5 | 1566.0 |
     Snake Pit |      6 |      6 |      0 |      0 |      0 |   1 |    6.0 |
  Orcish Mines |   1849 |   1746 |    103 |    246 |   1120 |   2 |  924.5 |
        Bailey |    438 |    438 |      0 |     85 |    204 |   1 |  438.0 |
               +--------+--------+--------+--------+--------+-----+--------+

Top non-repeatable levels by time:
  Lair:5: 2106 daAuts
  Lair:2: 1442 daAuts
  Lair:4: 1440 daAuts
  Lair:1: 1425 daAuts
    D:14: 1418 daAuts
  Lair:3: 1415 daAuts
    D:11: 1320 daAuts
     D:5: 1291 daAuts
     D:8: 1287 daAuts
   Orc:2: 1252 daAuts
     D:1: 1190 daAuts
    D:13: 1117 daAuts
     D:6: 1016 daAuts
    D:10: 949 daAuts
     D:7: 935 daAuts
